 Dungeon Crawl Stone Soup version 0.19-a0-139-gefc6d61 (webtiles) character file.

652 Duffy the Chopper (level 7, -1/66 HPs)
             Began as a Minotaur Skald on May 17, 2016.
             Slain by Menkaure (17 damage)
             ... on level 4 of the Dungeon.
             The game lasted 00:03:58 (3512 turns).

Duffy the Chopper (Minotaur Skald)                  Turns: 3512, Time: 00:03:59

Health: -1/66      AC:  6    Str: 17    XL:     7   Next: 28%
Magic:  8/8        EV: 10    Int: 10    God:
Gold:   189        SH:  0    Dex: 10    Spells: 1 memorised, 7 levels left

rFire  . . .     SeeInvis .     a - +0 hand axe
rCold  . . .     Gourm    .     h - +1 ring mail
rNeg   . . .     Faith    .     (no shield)
rPois  .         Spirit   .     (helmet restricted)
rElec  .         Dismiss  .     (no cloak)
rCorr  .         Reflect  .     (no gloves)
SustAt .         Harm     .     (no boots)
MR     .....                    (no amulet)
Stlth  ..........               (no ring)
                                l - +2 ring of slaying

@: not resistant to hostile enchantments, extremely unstealthy
A: retaliatory headbutt, horns 2
a: no special abilities


You were on level 4 of the Dungeon.
You were not hungry.

You visited 1 branch of the dungeon, and saw 4 of its levels.

You collected 189 gold pieces.


Innate Abilities, Weirdness & Mutations

You reflexively headbutt those who attack you in melee.
You have a pair of horns on your head.


   Skills:
 + Level 7.0 Fighting
 + Level 7.2 Axes
 - Level 1.2 Armour
 - Level 1.2 Dodging
 - Level 1.4 Spellcasting
 - Level 2.0 Charms


You had 7 spell levels left.
You knew the following spells:

 Your Spells              Type           Power        Failure   Level  Hunger
a - Infusion              Chrm           #...         30%         1    ##.....

Inventory:

Hand Weapons
 a - a +0 hand axe (weapon)
Missiles
 f - 8 poisoned needles
Armour
 h - a +1 ring mail (worn)
Jewellery
 l - a +2 ring of slaying (left hand)
Scrolls
 b - a scroll of immolation {unknown}
 e - a scroll of fog {unknown}
 g - 3 scrolls of identify
 i - a scroll of teleportation {unknown}
 m - 2 scrolls of remove curse
 n - 2 scrolls of enchant armour
 o - a scroll of noise {unknown}
 p - a scroll of blinking {unknown}
 q - a scroll of amnesia {unknown}
Potions
 r - a potion of flight
Books
 c - a book of Battle
 s - a book of the Sky
Comestibles
 d - 2 bread rations
 k - a beef jerky
 u - a meat ration

Dungeon Overview and Level Annotations

Branches:
Dungeon (4/15)
 Temple: D:4-7

Altars:
Ashenzari
Gozag
Nemelex Xobeh
Qazlal
The Shining One

Annotations:
D:4 Menkaure


Message History

You headbutt the worker ant! The hobgoblin barely misses you.
The gnoll hits you with a club. The worker ant bites you!
You are more poisoned.
The worker ant poisons you!
You barely miss the hobgoblin. Your headbutt misses the hobgoblin.
The hobgoblin is severely wounded.
You hit the worker ant but do no damage.
The worker ant is heavily wounded.
You hit the gnoll.
The gnoll is severely wounded.
You feel sick.
The hobgoblin hits you but does no damage.
The gnoll barely misses you. You furiously retaliate!
You headbutt the gnoll. The worker ant bites you.
You slash the gnoll!
You kill the gnoll!
You closely miss the worker ant.
The worker ant is heavily wounded.
You hit Menkaure.
Menkaure is lightly damaged.
You hit the hobgoblin.
You kill the hobgoblin!
You feel sick. The worker ant misses you. Menkaure hits you!
You are too injured to fight recklessly!
You are too injured to fight recklessly!
You are too injured to fight recklessly!
You hit Menkaure.
Menkaure is moderately damaged.
You hit the worker ant but do no damage.
The worker ant is heavily wounded.
You feel sick.
The worker ant bites you but does no damage.
You hit Menkaure.
Menkaure is moderately damaged.
You barely miss the worker ant.
The worker ant is heavily wounded.
You feel sick. The worker ant bites you. Menkaure casts a spell at you.
Pain shoots through your body!
You barely miss Menkaure. You headbutt Menkaure!
Menkaure is severely damaged.
You hit the worker ant.
The worker ant is severely wounded.
The worker ant closely misses you.
Menkaure murmurs, "Let me perform the rites..."
Menkaure casts a spell.
Menkaure seems to speed up.
Drink which item? (? for menu, Esc to quit)
You feel better. The worker ant barely misses you. Menkaure hits you!
You die...

..# ... #.#
....
###<#####....
##............
##.............
#..........?...
#..............
#..............
#.....)@a......
#...?.))M......
##.............
##..........#.
#.....#..###
#.........
#!.........
#...........


You could see Menkaure and a worker ant.

Action                   |  1- 3 |  4- 6 |  7- 9 || total
-------------------------+-------+-------+-------++-------
Melee: Hand axe          |    54 |   139 |    15 ||   208
       Headbutt          |     7 |    26 |     2 ||    35
  Use: Scroll            |     1 |     5 |       ||     6
       Potion            |       |     1 |     1 ||     2
  Eat: Chunk             |       |     7 |       ||     7
       Bread ration      |       |       |     1 ||     1
Armor: Ring mail         |     9 |    34 |    10 ||    53
       Leather armour    |     1 |       |       ||     1
       Skin              |       |     7 |       ||     7
Dodge: Dodged            |    36 |    70 |    13 ||   119

Notes
Turn   | Place    | Note
--------------------------------------------------------------
     0 | D:1      | Duffy the Minotaur Skald began the quest for the Orb.
     0 | D:1      | Reached XP level 1. HP: 18/18 MP: 1/1
   102 | D:1      | Reached skill level 3 in Axes
   105 | D:1      | Reached XP level 2. HP: 20/25 MP: 3/3
   484 | D:2      | Reached skill level 3 in Fighting
   734 | D:2      | Reached XP level 3. HP: 31/31 MP: 4/4
   910 | D:2      | Found an opulent altar of Gozag.
   950 | D:2      | Noticed Ijyb
   959 | D:2      | Killed Ijyb
   959 | D:2      | Reached skill level 4 in Axes
   959 | D:2      | Reached XP level 4. HP: 19/40 MP: 5/5
  1126 | D:2      | Reached skill level 4 in Fighting
  1377 | D:2      | Found a glowing golden altar of the Shining One.
  1377 | D:2      | Found a sparkling altar of Nemelex Xobeh.
  1381 | D:2      | Found a shattered altar of Ashenzari.
  1381 | D:2      | Found a stormy altar of Qazlal.
  1517 | D:2      | Noticed Natasha
  1529 | D:2      | Killed Natasha
  1529 | D:2      | Reached XP level 5. HP: 43/47 MP: 6/6
  1582 | D:2      | Noticed Natasha
  1587 | D:2      | Killed Natasha
  1587 | D:2      | Reached skill level 5 in Axes
  1687 | D:2      | Noticed Natasha
  1693 | D:2      | Killed Natasha
  1693 | D:2      | Reached skill level 5 in Fighting
  1888 | D:3      | Found a faded altar to an unknown god.
  2541 | D:3      | Found a sparkling altar of Nemelex Xobeh.
  2689 | D:3      | Reached XP level 6. HP: 56/56 MP: 7/7
  2910 | D:3      | Reached skill level 6 in Axes
  3205 | D:3      | Noticed Grinder
  3206 | D:3      | Paralysed by Grinder for 5 turns
  3235 | D:3      | Killed Grinder
  3235 | D:3      | Reached skill level 6 in Fighting
  3235 | D:3      | Reached XP level 7. HP: 64/64 MP: 8/8
  3498 | D:4      | Reached skill level 7 in Axes
  3502 | D:4      | Noticed Menkaure
  3506 | D:4      | Reached skill level 7 in Fighting
  3512 | D:4      | Slain by Menkaure

Skill      XL: |  1  2  3  4  5  6  7 |
---------------+----------------------+-----
Axes           | 3 4 5 6 7 |  7.2
Fighting       | 3 4 5 6 7 |  7.0
Armour         | |  1.2
Dodging        | |  1.2
Spellcasting   | |  1.4
Charms         | |  2.0

Vault maps used:
D:1:      mrwooster_arrival_arrow
D:2:      grunt_temple_overflow_open, lemuel_round_altar, uniq_iyjb,
          uniq_natasha
D:3:      first_bread, ecumenical_altar_2, nemelex_lonely_heart_becter,
          uniq_grinder
D:4:      kennysheep_generic_room_12, uniq_menkaure, uniq_pikel,
          uniq_crazy_yiuf_cottage

Vanquished Creatures
  Grinder
  A gnoll shaman Natasha (thrice)
  Ijyb
  2 worker ants
  9 adders
  15 gnolls
  3 worms
  2 dart slugs
  2 giant geckos
  2 orcs
  7 bats
  3 giant cockroaches
  5 goblins
  7 hobgoblins
  4 jackals
  2 giant newts
  8 kobolds
  5 rats
82 creatures vanquished.
